 Dungeon Crawl Stone Soup version 0.16-a0-3992-g631dd12 (webtiles) character file.

369 timbw the Caller (level 6, 24/24 HPs)
             Began as a Felid Summoner on Feb 12, 2015.
             Was a Believer of Sif Muna.
             Quit the game on level 10 of the Dungeon.
             The game lasted 00:20:48 (3417 turns).

timbw the Caller (Felid Summoner)                   Turns: 3417, Time: 00:20:48

Health: 24/24      AC: -1    Str:  6    XL:     6   Next: 41%
Magic:  20/20      EV: 19    Int: 19    God:    Sif Muna [**....]
Gold:   300        SH:  0    Dex: 16    Spells: 5 memorised, 1 level left
                                        Lives:  0   Deaths: 2

rFire  . . .     SeeInvis +     (weapon unavailable)
rCold  . . .     Clarity  .     (armour unavailable)
rNeg   . . .     SustAb   .     (shield unavailable)
rPois  .         Gourm    .     (helmet unavailable)
rElec  .         Spirit   .     (cloak unavailable)
rCorr  .         Warding  .     (gloves unavailable)
rMut   .         Stasis   .     (boots unavailable)
MR     .....                    g - amulet of rage
Stlth  +++.......               (no ring)
                                l - -3 ring of protection (curse)

@: quick, not resistant to hostile enchantments, fairly stealthy
A: paw claws, no armour, no weapons or thrown items, fangs 3, see invisible,
carnivore 3, speed 1, shaggy fur 2, slow metabolism 1, strong 1, sharp paws
a: Channel Energy, Forget Spell, Renounce Religion, Evoke Berserk Rage


You were on level 10 of the Dungeon.
You worshipped Sif Muna.
Sif Muna was pleased with you.
You were not hungry.

You visited 2 branches of the dungeon, and saw 11 of its levels.

You collected 300 gold pieces.

Inventory:

Jewellery
 g - an amulet of rage (around neck)
 l - a cursed -3 ring of protection (left paw)
Magical devices
 d - a wand of heal wounds (2)
 f - a wand of paralysis (5)
 h - a wand of paralysis (6)
 j - a wand of digging (1)
 q - a wand of fire (9)
 r - a wand of frost (22)
Scrolls
 a - 3 scrolls of teleportation
Potions
 i - 2 potions of restore abilities
 k - a potion of agility {unknown}
 o - 2 potions of heal wounds {unknown}
 u - a potion of resistance {unknown}
Books
 b - a book of Callings

   Spells                             Type                      Level
   a - Summon Small Mammal            Summoning                    1
   b - Call Imp                       Summoning                    2
   c - Call Canine Familiar           Summoning                    3
   d - Summon Guardian Golem          Hexes/Summoning              4
   e - Summon Lightning Spire         Summoning/Air                4
   f - Summon Ice Beast               Ice/Summoning                4
 e - a Grand Grimoire {highlevel, unknown}

   This book is beyond your current level of understanding.

   Spells                             Type                      Level
   a - Aura of Abjuration             Summoning                    6
   b - Summon Greater Demon           Summoning                    7
   c - Malign Gateway                 Summoning/Translocation      7
   d - Summon Horrible Things         Summoning                    8
 v - a book of the Warp

   Spells                             Type                      Level
   a - Recall                         Summoning/Translocation      3
   b - Control Teleport               Charms/Translocation         4
   c - Force Lance                    Conjuration/Translocation    4
   d - Phase Shift                    Translocation                5
   e - Warp Weapon                    Charms/Translocation         5
   f - Summon Forest                  Summoning/Translocation      5
   g - Gell's Gravitas                Hexes/Translocation          6
Comestibles
 c - 3 meat rations
 m - a slice of pizza
 p - a royal jelly


   Skills:
 + Level 3.7 Dodging
 - Level 2.6 Stealth
 + Level 5.4 Spellcasting
 + Level 7.8 Summonings
 + Level 3.7 Invocations


You had one spell level left.
You knew the following spells:

 Your Spells              Type           Power        Failure   Level  Hunger
a - Summon Small Mammal   Summ           ####         1%          1    None
b - Call Imp              Summ           ####....     1%          2    None
c - Call Canine Familiar  Summ           ####....     1%          3    ##.....
d - Summon Ice Beast      Ice/Summ       ###.....     28%         4    ####...
e - Summon Lightning Spi  Summ/Air       ###.....     28%         4    ####...


Dungeon Overview and Level Annotations

Branches:
Dungeon (10/15)            Temple (1/1) D:5
   Lair: D:8-11         Orc: D:9-12

Altars:
Cheibriados
Dithmenos
Elyvilon
Fedhas
Gozag
Kikubaaqudgha
Makhleb
Nemelex Xobeh
Okawaru
Qazlal
Ru
Sif Muna
Trog
Vehumet
Xom
Yredelemnul
The Shining One


Innate Abilities, Weirdness & Mutations

You cannot wear armour.
You are incapable of wielding weapons or throwing items.
You have razor-sharp teeth.
You have supernaturally acute eyesight.
You are carnivorous and can eat meat at any time.
You cover ground quickly.
You are covered in thick fur (AC +2).
You have a slow metabolism.
Your paws have sharp claws that are effective at stabbing.
Your muscles are strong. (Str +2)


Message History

Your ice beast hits the hill giant.
Your ice beast freezes the hill giant!
The hill giant hits your ice beast with a giant club!!
Your ice beast dies!
Casting: Summon Lightning Spire
Confirm with . or Enter, or press ? or * to list all spells.
Aiming: Summon Lightning Spire
Press: ? - help, Dir - move target cursor You miscast Summon Lightning Spire.
Your brain hurts!
The centaur shoots a poisoned arrow.
The poisoned arrow hits you.
You are poisoned.
The centaur shoots a poisoned arrow.
The poisoned arrow hits you!
Ouch! That really hurt!
* * * LOW HITPOINT WARNING * * *
Unknown command.
You die...
You feel sick.
You are now level 6!
You rejoin the land of the living...
Unknown command.
Are you sure you want to abandon this character and quit the game? (Confirm with "yes".)

#...........##
#...######...# #.##
##..## #.# #...# ####
##..## .. #.# #...# ...
#.# ##..## ##.... #.#
#...####.....# #.#
##.@.#......# #.#
#....(.....# #.##
#.........# ##.#
##.........# . #.#
##..).......## #. ##.####
###).(##.......# #.
#.....####)5.(####......#
#. ####.....).((.#
##.....## # ##.....(...#
##.....## #


There were no monsters in sight!

Vanquished Creatures
  3 orcs (D:8)
  A bat skeleton (D:4)
  A giant cockroach (D:4)
  2 goblins (D:4)
  A kobold (D:8)
  4 bats
  A giant newt (D:4)
  4 jackals
  A quokka skeleton (D:8)
  2 rats
20 creatures vanquished.

Vanquished Creatures (collateral kills)
  Maurice (D:9)
  A two-headed ogre (D:8)
  A trapdoor spider zombie (D:9)
  A steam dragon (D:10)
  2 ice beasts
  A black bear (D:6)
  2 orc warriors (D:8)
  An ogre (D:10)
  An eye of draining (D:8)
  2 big kobolds
  A scorpion (D:4)
  3 hounds
  A crimson imp (D:10)
  2 quasits
  A jelly (D:5)
  An orc priest (D:8)
  5 orc wizards
  3 iguanas (D:8)
  3 adders
  3 giant geckos
  25 orcs
  A giant cockroach (D:4)
  4 goblins
  6 hobgoblins
  3 jackals
  A bat (D:5)
  2 giant newts
  15 kobolds
  A quokka zombie (D:5)
  3 rats
97 creatures vanquished.

Vanquished Creatures (others)
  9 ice beasts
  3 crimson imps
  13 hounds
  An iron imp (D:5)
  A lightning spire (D:8)
  A shadow imp (D:8)
  4 white imps
  5 bats
  A quokka (D:5)
  5 rats
43 creatures vanquished.

Grand Total: 160 creatures vanquished

Notes
Turn   | Place    | Note
--------------------------------------------------------------
     0 | D:1      | timbw, the Felid Summoner, began the quest for the Orb.
     0 | D:1      | Reached XP level 1. HP: 7/7 MP: 4/4
   206 | D:2      | You fall through a shaft!
   206 | D:3      | Found a basalt altar of Yredelemnul.
   272 | D:3      | Reached XP level 2. HP: 1/11 MP: 0/5
   439 | D:3      | Learned a level 2 spell: Call Imp
   665 | D:4      | Reached XP level 3. HP: 2/14 MP: 1/8
   670 | D:4      | Learned a level 3 spell: Call Canine Familiar
   854 | D:4      | Noticed a scorpion
   931 | D:4      | Killed a scorpion
  1175 | D:4      | Found a sacrificial altar of Ru.
  1175 | D:4      | Found a shadowy altar of Dithmenos.
  1194 | D:5      | Entered Level 5 of the Dungeon
  1214 | D:5      | Reached skill level 5 in Summonings
  1214 | D:5      | Reached XP level 4. HP: 9/18 MP: 1/12
  1272 | D:5      | Found a staircase to the Ecumenical Temple.
  1281 | Temple   | Entered the Ecumenical Temple
  1306 | Temple   | Became a worshipper of Sif Muna the Loreminder
  1599 | D:6      | Noticed a big kobold
  1611 | D:6      | Reached XP level 5. HP: 8/21 MP: 2/14
  1618 | D:6      | Killed a big kobold
  1618 | D:6      | Reached skill level 6 in Summonings
  1833 | D:6      | Learned a level 4 spell: Summon Ice Beast
  1862 | D:6      | Noticed a black bear
  1875 | D:6      | Killed a black bear
  1905 | D:7      | Found a radiant altar of Vehumet.
  1926 | D:7      | You fall through a shaft for 2 floors!
  2034 | D:8      | Gained mutation: You are covered in thick fur (AC +2). [growing up]
  2034 | D:8      | Reached XP level 6. HP: 24/24 MP: 12/17
  2048 | D:8      | Noticed a two-headed ogre
  2055 | D:8      | Noticed an orc warrior
  2217 | D:8      | Noticed an ice beast
  2240 | D:8      | Killed an ice beast
  2240 | D:8      | Acquired Sif Muna's first power
  2255 | D:8      | Noticed an eye of draining
  2275 | D:8      | Killed an eye of draining
  2502 | D:8      | Killed a two-headed ogre
  2502 | D:8      | Reached skill level 7 in Summonings
  2502 | D:8      | Reached skill level 1 in Invocations
  2502 | D:8      | Reached XP level 7. HP: 27/27 MP: 4/20
  2526 | D:8      | Found an iron altar of Okawaru.
  2526 | D:8      | Noticed an orc warrior
  2540 | D:8      | Killed an orc warrior
  2547 | D:8      | Learned a level 4 spell: Summon Lightning Spire
  2635 | D:8      | Killed an orc warrior
  2807 | D:9      | Noticed Maurice
  2868 | D:9      | Killed Maurice
  2868 | D:9      | Reached skill level 5 in Spellcasting
  2949 | D:9      | Noticed a trapdoor spider zombie
  2973 | D:9      | Killed a trapdoor spider zombie
  2973 | D:9      | Acquired Sif Muna's second power
  2982 | D:9      | Found an opulent altar of Gozag.
  3013 | D:9      | Noticed an ice beast
  3013 | D:9      | Noticed a necrophage
  3017 | D:9      | Slain by a small abomination
  3018 | D:9      | Reached XP level 6. HP: -4/24 MP: 11/20
  3061 | D:10     | Entered Level 10 of the Dungeon
  3081 | D:10     | Reached XP level 7. HP: 27/27 MP: 10/21
  3115 | D:10     | Gained mutation: Your muscles are strong. (Str +2) [potion of mutation]
  3115 | D:10     | Gained mutation: You are dopey. (Int -2) [potion of mutation]
  3115 | D:10     | Gained mutation: You occasionally shout uncontrollably at your foes. [potion of mutation]
  3116 | D:10     | Gained mutation: You are partially covered in iridescent scales (AC +4). [potion of mutation]
  3116 | D:10     | Gained mutation: You can translocate small distances at will. [potion of mutation]
  3116 | D:10     | Gained mutation: Your body is slowly deteriorating. [potion of mutation]
  3121 | D:10     | Lost mutation: You can translocate small distances at will. [potion of cure mutation]
  3121 | D:10     | Lost mutation: You are dopey. (Int -2) [potion of cure mutation]
  3121 | D:10     | Lost mutation: You occasionally shout uncontrollably at your foes. [potion of cure mutation]
  3121 | D:10     | Lost mutation: Your body is slowly deteriorating. [potion of cure mutation]
  3121 | D:10     | Lost mutation: You are partially covered in iridescent scales (AC +4). [potion of cure mutation]
  3266 | D:10     | Noticed a steam dragon
  3286 | D:10     | Killed a steam dragon
  3406 | D:10     | Noticed a hill giant
  3415 | D:10     | HP: 1/27 [centaur/poisoned arrow (14)]
  3416 | D:10     | Succumbed to a centaur's poison
  3417 | D:10     | Reached XP level 6. HP: 0/24 MP: 2/20
  3417 | D:10     | Quit the game

Action                   |  1- 3 |  4- 6 |  7- 9 || total
-------------------------+-------+-------+-------++-------
Melee: Unarmed           |    36 |    36 |    21 ||    93
 Cast: Summon Small Mamm |    19 |     8 |       ||    27
       Call Imp          |    17 |    26 |     7 ||    50
       Call Canine Famil |     6 |    20 |     6 ||    32
       Summon Ice Beast  |       |     6 |    26 ||    32
       Summon Lightning  |       |       |     3 ||     3
Invok: Channel Energy    |       |     8 |    55 ||    63
Evoke: Wand              |     3 |     3 |       ||     6
  Use: Scroll            |     4 |     2 |     4 ||    10
       Potion            |     2 |       |     3 ||     5
 Stab: Paralysed         |     5 |     1 |       ||     6
       Sleeping          |     3 |     2 |     1 ||     6
       Distracted        |       |     1 |       ||     1
  Eat: Chunk             |     4 |    10 |    16 ||    30
